[ AOE2 MATCH · #478401299 ]
UnrankedIncas vs Burgundians
[ REPLAY ANALYSIS · EXTRACTED FROM THE RECORDED GAME ]
Feudal
12:45
Castle
30:28
Imperial
49:23
| APM avg | 16.3 |
| APM peak | 35 |
| eAPM avg | 9.7 |
| Villagers / military | 77 / 30 |
Focus
⚔️ 29.8% · 🌾 70.2%
Unknown (2550) ×53 · Petard ×15 · Kamayuk ×15
Feudal
12:10
Castle
26:21
Imperial
34:22
| APM avg | 10.2 |
| APM peak | 28 |
| eAPM avg | 8.8 |
| Villagers / military | 73 / 74 |
Focus
⚔️ 33.1% · 🌾 66.9%
Longbowman ×44 · Knight ×21 · Spearman ×6 · Skirmisher ×2 · Trebuchet (Packed) ×1
Feudal
12:28
Castle
27:16
Imperial
40:02
| APM avg | 16.8 |
| APM peak | 42 |
| eAPM avg | 12.7 |
| Villagers / military | 96 / 176 |
Focus
⚔️ 46.3% · 🌾 53.7%
Skirmisher ×104 · Militia ×21 · Knight ×15 · Flemish Militia ×10 · Coustillier ×9 · Spearman ×6
Feudal
11:09
Castle
20:09
Imperial
41:14
| APM avg | 17.4 |
| APM peak | 53 |
| eAPM avg | 14.0 |
| Villagers / military | 117 / 172 |
Focus
⚔️ 41.9% · 🌾 58.1%
Spearman ×72 · Militia ×31 · Skirmisher ×26 · Archer ×14 · Scorpion ×12 · Elephant Archer ×5
Match map
Initial resources + every placement click. Lines = walls · curves = elevation contours. ◆ gold · ⬟ stone · ● berries · ✦ relic · ◌ wall gap
Your base· Open — unwalled flank
DingleDwarf69's base· Open — unwalled flank
CC's base· Open — unwalled flank
RJP's base· Open — unwalled flank
Smoothed initial terrain · ◌ = detected wall gap · hover for details
Inputs per minute
— Balaam - - DingleDwarf69
Build order — Balaam
First 150 of 211 actions detected
| 0:42 | Build | Settlement |
| 0:49 | Create | Villager (Male) |
| 0:49 | Create | Villager (Male) |
| 0:49 | Create | Villager (Male) |
| 0:49 | Create | Villager (Male) |
| 2:12 | Create | Villager (Male) |
| 2:52 | Create | Villager (Male) |
| 2:54 | Create | Villager (Male) |
| 3:44 | Create | Villager (Male) |
| 3:44 | Create | Villager (Male) |
| 4:11 | Create | Villager (Male) |
| 4:13 | Create | Villager (Male) |
| 4:43 | Create | Villager (Male) |
| 5:24 | Create | Villager (Male) |
| 5:24 | Create | Villager (Male) |
| 5:24 | Create | Villager (Male) |
| 6:06 | Build | Settlement |
| 6:35 | Create | Villager (Male) |
| 6:39 | Create | Villager (Male) |
| 6:44 | Create | Villager (Male) |
| 7:53 | Build | House |
| 7:54 | Build | House |
| 8:13 | Create | Villager (Male) |
| 8:34 | Create | Villager (Male) |
| 9:26 | Research | Feudal Age |
| 10:48 | Build | Settlement |
| 11:47 | Build | Farm |
| 11:47 | Build | Farm |
| 11:48 | Build | Farm |
| 11:48 | Build | Farm |
| 12:45 | Age | Feudal Age |
| 12:56 | Create | Villager (Male) |
| 12:57 | Create | Villager (Male) |
| 13:04 | Build | Farm |
| 13:05 | Build | Farm |
| 13:05 | Build | Farm |
| 13:06 | Build | Farm |
| 13:07 | Build | Farm |
| 13:18 | Build | Barracks |
| 13:20 | Build | Barracks |
| 13:27 | Create | Villager (Male) |
| 13:28 | Create | Villager (Male) |
| 13:37 | Research | Double-Bit Axe |
| 15:05 | Create | Villager (Male) |
| 15:05 | Create | Villager (Male) |
| 15:05 | Create | Villager (Male) |
| 15:06 | Create | Villager (Male) |
| 15:06 | Create | Villager (Male) |
| 15:06 | Create | Villager (Male) |
| 15:16 | Research | Tech 1402 |
| 15:35 | Create | Villager (Male) |
| 15:35 | Create | Villager (Male) |
| 15:35 | Create | Villager (Male) |
| 15:55 | Create | Villager (Male) |
| 15:55 | Create | Villager (Male) |
| 15:55 | Create | Villager (Male) |
| 16:24 | Create | Villager (Male) |
| 17:00 | Create | Unit 2550 |
| 17:01 | Create | Unit 2550 |
| 17:21 | Create | Unit 2550 |
| 17:39 | Build | Blacksmith |
| 17:52 | Create | Unit 2550 |
| 17:53 | Create | Unit 2550 |
| 17:55 | Create | Unit 2550 |
| 18:14 | Create | Unit 2550 |
| 18:30 | Build | House |
| 18:31 | Build | House |
| 18:32 | Build | House |
| 18:38 | Research | Scale Mail Armor |
| 18:57 | Build | Barracks |
| 19:04 | Create | Villager (Male) |
| 19:17 | Create | Unit 2550 |
| 19:25 | Build | Farm |
| 19:55 | Build | Archery Range |
| 20:03 | Create | Villager (Male) |
| 20:13 | Build | Farm |
| 20:19 | Research | Forging |
| 20:40 | Research | Horse Collar |
| 21:00 | Build | Farm |
| 21:05 | Build | Farm |
| 21:10 | Build | Farm |
| 21:21 | Create | Unit 2550 |
| 21:21 | Create | Unit 2550 |
| 21:33 | Create | Villager (Male) |
| 21:33 | Create | Villager (Male) |
| 22:09 | Research | Arson |
| 22:42 | Create | Villager (Male) |
| 22:42 | Create | Villager (Male) |
| 22:50 | Build | Farm |
| 22:50 | Build | Farm |
| 22:53 | Create | Villager (Male) |
| 22:55 | Create | Villager (Male) |
| 23:59 | Create | Unit 2550 ×5 |
| 24:00 | Create | Unit 2550 ×5 |
| 24:08 | Build | Farm |
| 24:09 | Build | Farm |
| 24:10 | Build | Farm |
| 24:36 | Build | Farm |
| 24:59 | Build | Farm |
| 25:05 | Create | Villager (Male) |
| 25:10 | Create | Villager (Male) |
| 25:57 | Create | Villager (Male) |
| 25:59 | Create | Villager (Male) |
| 27:21 | Build | Farm |
| 27:25 | Build | Farm |
| 27:48 | Research | Castle Age |
| 28:43 | Create | Unit 2550 ×4 |
| 29:19 | Build | Settlement |
| 29:21 | Research | Gold Mining |
| 29:24 | Research | Stone Mining |
| 30:28 | Age | Castle Age |
| 30:42 | Research | Tech 1351 |
| 30:45 | Research | Squires |
| 30:53 | Build | Market |
| 31:16 | Create | Villager (Male) |
| 31:16 | Create | Villager (Male) |
| 31:17 | Create | Villager (Male) |
| 31:20 | Create | Villager (Male) |
| 31:23 | Create | Villager (Male) |
| 31:29 | Create | Unit 2550 ×5 |
| 31:38 | Research | Bow Saw |
| 32:12 | Create | Unit 2550 ×4 |
| 32:51 | Build | Castle |
| 33:17 | Create | Petard |
| 33:18 | Create | Petard |
| 33:18 | Create | Petard |
| 33:19 | Create | Petard |
| 33:20 | Create | Petard |
| 33:20 | Create | Petard |
| 33:21 | Create | Petard |
| 33:21 | Create | Petard |
| 33:28 | Create | Villager (Male) |
| 33:28 | Create | Villager (Male) |
| 33:28 | Create | Villager (Male) |
| 33:35 | Build | Town Center |
| 34:09 | Create | Villager (Male) |
| 34:12 | Create | Villager (Male) |
| 34:27 | Create | Villager (Male) |
| 34:28 | Create | Villager (Male) |
| 34:30 | Create | Villager (Male) |
| 34:47 | Research | Thumb Ring |
| 34:52 | Build | Farm |
| 35:02 | Build | Farm |
| 35:03 | Build | Farm |
| 35:04 | Build | Farm |
| 35:06 | Build | Farm |
| 35:21 | Build | Farm |
| 35:27 | Create | Villager (Male) |
| 35:33 | Create | Kamayuk |
| 35:34 | Create | Kamayuk |
Build order — DingleDwarf69
First 150 of 221 actions detected
| 0:07 | Build | House |
| 0:09 | Build | House |
| 0:19 | Create | Villager (Male) |
| 0:19 | Create | Villager (Male) |
| 0:20 | Create | Villager (Male) |
| 0:20 | Create | Villager (Male) |
| 0:20 | Create | Villager (Male) |
| 1:26 | Build | Mill |
| 2:11 | Create | Villager (Male) |
| 2:12 | Create | Villager (Male) |
| 2:48 | Create | Villager (Male) |
| 2:48 | Create | Villager (Male) |
| 3:20 | Create | Villager (Male) |
| 3:31 | Create | Villager (Male) |
| 3:31 | Create | Villager (Male) |
| 3:32 | Create | Villager (Male) |
| 4:05 | Research | Loom |
| 4:12 | Create | Villager (Male) |
| 4:12 | Create | Villager (Male) |
| 4:12 | Create | Villager (Male) |
| 4:37 | Build | House |
| 4:38 | Build | House |
| 4:40 | Build | House |
| 4:50 | Build | House |
| 4:51 | Build | House |
| 4:53 | Build | House |
| 5:09 | Create | Villager (Male) |
| 6:56 | Create | Villager (Male) |
| 6:56 | Create | Villager (Male) |
| 6:57 | Create | Villager (Male) |
| 7:33 | Create | Villager (Male) |
| 7:33 | Create | Villager (Male) |
| 7:55 | Create | Villager (Male) |
| 9:17 | Build | Lumber Camp |
| 9:26 | Create | Villager (Male) |
| 10:00 | Research | Feudal Age |
| 10:51 | Build | Mining Camp |
| 11:10 | Create | Villager (Male) |
| 11:10 | Create | Villager (Male) |
| 11:12 | Create | Villager (Male) |
| 11:35 | Build | Farm |
| 11:52 | Build | Lumber Camp |
| 12:10 | Age | Feudal Age |
| 12:12 | Research | Horse Collar |
| 12:16 | Research | Double-Bit Axe |
| 12:33 | Build | Farm |
| 12:36 | Build | Farm |
| 12:52 | Build | Barracks |
| 13:50 | Build | Archery Range |
| 13:56 | Create | Villager (Male) |
| 13:57 | Create | Villager (Male) |
| 14:11 | Build | Farm |
| 14:15 | Build | Farm |
| 14:16 | Build | Farm |
| 14:20 | Build | Farm |
| 14:40 | Research | Wheelbarrow |
| 14:43 | Create | Villager (Male) |
| 14:48 | Create | Spearman |
| 14:48 | Create | Spearman |
| 14:53 | Create | Skirmisher |
| 15:05 | Build | Mining Camp |
| 15:23 | Build | Mining Camp |
| 15:57 | Build | Farm |
| 16:06 | Build | Farm |
| 16:07 | Build | Farm |
| 16:17 | Create | Villager (Male) |
| 16:17 | Create | Villager (Male) |
| 16:31 | Build | Farm |
| 16:33 | Build | Farm |
| 16:35 | Build | Farm |
| 16:55 | Build | House |
| 16:57 | Build | House |
| 17:05 | Build | House |
| 17:09 | Build | House |
| 17:19 | Build | House |
| 17:46 | Create | Villager (Male) |
| 17:47 | Create | Villager (Male) |
| 17:47 | Create | Villager (Male) |
| 17:48 | Create | Villager (Male) |
| 17:48 | Create | Villager (Male) |
| 17:48 | Create | Villager (Male) |
| 19:26 | Build | Farm |
| 19:29 | Build | Farm |
| 19:31 | Build | Farm |
| 22:36 | Build | Market |
| 22:42 | Create | Villager (Male) |
| 22:42 | Create | Villager (Male) |
| 23:12 | Create | Spearman |
| 23:13 | Create | Spearman |
| 23:41 | Research | Castle Age |
| 24:22 | Build | Mining Camp |
| 24:30 | Research | Gold Mining |
| 24:49 | Create | Spearman |
| 24:50 | Create | Spearman |
| 25:22 | Create | Skirmisher |
| 25:43 | Create | Villager (Male) |
| 25:43 | Create | Villager (Male) |
| 25:43 | Create | Villager (Male) |
| 26:21 | Age | Castle Age |
| 26:34 | Build | Castle |
| 26:44 | Create | Villager (Male) |
| 27:59 | Create | Longbowman |
| 27:59 | Create | Longbowman |
| 27:59 | Create | Longbowman |
| 28:00 | Create | Longbowman |
| 28:00 | Create | Longbowman |
| 28:00 | Create | Longbowman |
| 28:01 | Create | Longbowman |
| 28:52 | Create | Longbowman |
| 28:52 | Create | Longbowman |
| 28:52 | Create | Longbowman |
| 29:16 | Build | Town Center |
| 29:30 | Build | Farm |
| 30:16 | Create | Longbowman |
| 30:16 | Create | Longbowman |
| 31:12 | Research | Imperial Age |
| 31:17 | Create | Villager (Male) |
| 31:17 | Create | Villager (Male) |
| 31:18 | Create | Villager (Male) |
| 31:18 | Create | Villager (Male) |
| 31:19 | Create | Villager (Male) |
| 31:19 | Create | Villager (Male) |
| 31:19 | Create | Villager (Male) |
| 32:53 | Create | Villager (Male) |
| 33:22 | Build | Blacksmith |
| 34:05 | Research | Bow Saw |
| 34:22 | Age | Imperial Age |
| 34:45 | Research | Fletching |
| 34:46 | Research | Padded Archer Armor |
| 34:53 | Build | Mill |
| 35:05 | Build | Farm |
| 35:16 | Create | Villager (Male) |
| 35:16 | Create | Villager (Male) |
| 35:16 | Create | Villager (Male) |
| 35:23 | Create | Villager (Male) |
| 35:24 | Create | Villager (Male) |
| 35:33 | Research | Elite Longbowman (upgrade) |
| 35:35 | Research | Conscription |
| 35:55 | Build | Stable |
| 35:58 | Build | Stable |
| 36:08 | Create | Villager (Male) |
| 36:08 | Create | Villager (Male) |
| 36:59 | Create | Trebuchet (Packed) |
| 37:12 | Create | Villager (Male) |
| 37:13 | Create | Villager (Male) |
| 37:30 | Create | Villager (Male) |
| 37:30 | Create | Villager (Male) |
| 37:31 | Create | Villager (Male) |
| 37:34 | Create | Villager (Male) |
| 37:58 | Build | Farm |
Build order — CC
First 150 of 409 actions detected
| 0:01 | Create | Villager (Male) |
| 0:01 | Create | Villager (Male) |
| 0:02 | Create | Villager (Male) |
| 0:02 | Create | Villager (Male) |
| 0:06 | Build | House |
| 0:13 | Build | House |
| 2:11 | Create | Villager (Male) |
| 2:12 | Create | Villager (Male) |
| 2:40 | Create | Villager (Male) |
| 3:12 | Build | Mill |
| 3:17 | Create | Villager (Male) |
| 3:17 | Create | Villager (Male) |
| 3:41 | Create | Villager (Male) |
| 4:08 | Create | Villager (Male) |
| 4:24 | Create | Villager (Male) |
| 4:47 | Create | Villager (Male) |
| 4:58 | Build | House |
| 5:01 | Create | Villager (Male) |
| 5:29 | Create | Villager (Male) |
| 6:19 | Create | Villager (Male) |
| 6:26 | Build | House |
| 6:30 | Create | Villager (Male) |
| 7:19 | Create | Villager (Male) |
| 7:44 | Build | Lumber Camp |
| 7:55 | Create | Villager (Male) |
| 7:55 | Create | Villager (Male) |
| 8:19 | Create | Villager (Male) |
| 8:19 | Create | Villager (Male) |
| 8:44 | Build | Mining Camp |
| 8:51 | Create | Villager (Male) |
| 8:52 | Create | Villager (Male) |
| 9:00 | Build | House |
| 9:18 | Create | Villager (Male) |
| 9:30 | Create | Villager (Male) |
| 9:34 | Research | Feudal Age |
| 9:47 | Build | Barracks |
| 10:05 | Build | Farm |
| 10:45 | Build | Farm |
| 10:46 | Build | Farm |
| 10:58 | Build | House |
| 11:04 | Create | Militia |
| 11:05 | Create | Militia |
| 11:06 | Create | Militia |
| 11:18 | Build | Mining Camp |
| 11:47 | Build | Farm |
| 11:48 | Build | Farm |
| 12:28 | Age | Feudal Age |
| 12:31 | Research | Man-at-Arms (upgrade) |
| 12:38 | Build | Blacksmith |
| 12:44 | Create | Villager (Male) |
| 12:44 | Create | Villager (Male) |
| 13:17 | Build | Market |
| 13:43 | Research | Loom |
| 13:44 | Create | Villager (Male) |
| 13:44 | Create | Villager (Male) |
| 14:44 | Build | Lumber Camp |
| 15:10 | Research | Scale Mail Armor |
| 15:12 | Create | Villager (Male) |
| 15:13 | Create | Villager (Male) |
| 15:20 | Build | House |
| 15:21 | Build | House |
| 16:22 | Create | Militia |
| 16:22 | Create | Militia |
| 16:45 | Build | Farm |
| 16:47 | Build | Farm |
| 16:50 | Build | Farm |
| 16:58 | Build | Archery Range |
| 17:14 | Build | Gate |
| 17:21 | Create | Militia |
| 17:26 | Research | Double-Bit Axe |
| 17:50 | Create | Villager (Male) |
| 17:51 | Create | Villager (Male) |
| 17:52 | Create | Villager (Male) |
| 17:59 | Build | House |
| 18:04 | Build | House |
| 18:05 | Build | House |
| 18:07 | Build | House |
| 18:38 | Build | Farm |
| 18:40 | Build | Farm |
| 18:42 | Build | Farm |
| 18:45 | Create | Villager (Male) |
| 18:45 | Create | Villager (Male) |
| 19:49 | Create | Villager (Male) |
| 19:49 | Create | Villager (Male) |
| 20:40 | Build | House |
| 20:42 | Build | House |
| 20:43 | Build | House |
| 20:46 | Create | Militia |
| 20:46 | Create | Militia |
| 20:50 | Create | Villager (Male) |
| 20:50 | Create | Villager (Male) |
| 20:54 | Build | Farm |
| 21:02 | Build | Farm |
| 21:05 | Build | Farm |
| 22:41 | Create | Archer |
| 22:42 | Create | Archer |
| 22:42 | Create | Archer |
| 22:45 | Create | Militia |
| 22:46 | Create | Militia |
| 22:46 | Create | Militia |
| 22:50 | Build | House |
| 22:56 | Create | Villager (Male) |
| 22:57 | Create | Villager (Male) |
| 23:23 | Create | Villager (Male) |
| 23:23 | Create | Villager (Male) |
| 23:31 | Build | Lumber Camp |
| 24:26 | Research | Castle Age |
| 24:41 | Build | House |
| 24:43 | Build | House |
| 25:01 | Create | Skirmisher |
| 25:01 | Create | Skirmisher |
| 25:08 | Create | Militia |
| 25:08 | Create | Militia |
| 25:31 | Build | Lumber Camp |
| 25:55 | Build | Farm |
| 25:58 | Research | Horse Collar |
| 26:05 | Research | Wheelbarrow |
| 26:19 | Build | Mining Camp |
| 27:16 | Age | Castle Age |
| 28:11 | Build | Town Center |
| 28:16 | Create | Villager (Male) |
| 28:16 | Create | Villager (Male) |
| 28:31 | Build | University |
| 28:38 | Build | Monastery |
| 28:46 | Create | Villager (Male) |
| 28:46 | Create | Villager (Male) |
| 28:51 | Research | Bow Saw |
| 29:27 | Create | Monk |
| 29:36 | Research | Treadmill Crane |
| 29:37 | Research | Ballistics |
| 29:43 | Research | Fletching |
| 29:44 | Research | Padded Archer Armor |
| 29:50 | Research | Elite Skirmisher (upgrade) |
| 29:51 | Create | Skirmisher |
| 29:52 | Create | Skirmisher |
| 29:52 | Create | Skirmisher |
| 29:57 | Build | Archery Range |
| 30:03 | Create | Villager (Male) |
| 30:04 | Create | Villager (Male) |
| 30:04 | Create | Villager (Male) |
| 30:22 | Build | Lumber Camp |
| 30:27 | Create | Villager (Male) |
| 30:31 | Research | Heavy Plow |
| 30:37 | Create | Skirmisher |
| 30:38 | Create | Skirmisher |
| 30:39 | Create | Skirmisher |
| 30:50 | Create | Villager (Male) |
| 30:50 | Create | Villager (Male) |
| 30:52 | Create | Villager (Male) |
| 30:53 | Create | Villager (Male) |
Build order — RJP
First 150 of 462 actions detected
| 0:01 | Create | Villager (Male) |
| 0:02 | Create | Villager (Male) ×3 |
| 0:02 | Create | Villager (Male) ×3 |
| 0:02 | Create | Villager (Male) ×3 |
| 0:05 | Build | House |
| 0:06 | Build | House |
| 0:39 | Research | Loom |
| 0:46 | Build | House |
| 1:03 | Build | House |
| 1:47 | Create | Villager (Male) |
| 2:01 | Build | Palisade Wall |
| 2:02 | Build | Palisade Gate |
| 2:03 | Build | House |
| 2:07 | Build | Palisade Wall |
| 2:11 | Create | Villager (Male) |
| 2:55 | Create | Villager (Male) |
| 2:55 | Create | Villager (Male) |
| 3:41 | Create | Villager (Male) |
| 3:41 | Create | Villager (Male) |
| 4:27 | Create | Villager (Male) |
| 4:28 | Create | Villager (Male) |
| 5:08 | Create | Villager (Male) |
| 5:19 | Create | Villager (Male) |
| 6:05 | Create | Villager (Male) |
| 6:29 | Build | Lumber Camp |
| 6:36 | Create | Villager (Male) |
| 7:19 | Create | Villager (Male) |
| 7:20 | Create | Villager (Male) |
| 7:49 | Build | Mill |
| 8:05 | Create | Villager (Male) |
| 8:06 | Create | Villager (Male) |
| 8:59 | Research | Feudal Age |
| 9:08 | Build | Palisade Wall |
| 9:08 | Build | Palisade Gate |
| 9:10 | Build | House |
| 9:18 | Build | Farm |
| 9:53 | Build | Farm |
| 9:56 | Build | Farm |
| 10:44 | Build | Barracks |
| 11:09 | Age | Feudal Age |
| 11:13 | Build | Farm |
| 11:16 | Build | Farm |
| 11:18 | Build | Farm |
| 11:22 | Build | Farm |
| 11:25 | Research | Wheelbarrow |
| 11:36 | Build | Market |
| 11:47 | Build | Blacksmith |
| 11:52 | Build | Palisade Wall |
| 11:59 | Create | Villager (Male) |
| 12:07 | Build | Mining Camp |
| 12:16 | Build | Farm |
| 12:19 | Build | Farm |
| 12:29 | Build | Farm |
| 12:45 | Research | Town Watch |
| 12:52 | Build | Palisade Wall |
| 12:55 | Build | Palisade Gate |
| 13:10 | Create | Villager (Male) |
| 13:11 | Create | Villager (Male) |
| 13:22 | Create | Trade Cart |
| 13:46 | Build | House |
| 13:47 | Build | House |
| 14:48 | Build | House |
| 14:53 | Create | Villager (Male) |
| 14:53 | Create | Villager (Male) |
| 15:28 | Build | Palisade Wall |
| 15:29 | Build | Palisade Gate |
| 15:37 | Build | Archery Range |
| 15:40 | Build | House |
| 15:49 | Build | Farm |
| 15:50 | Build | Mill |
| 15:53 | Create | Villager (Male) |
| 15:54 | Create | Villager (Male) |
| 16:44 | Build | Farm |
| 16:47 | Build | Farm |
| 16:49 | Create | Villager (Male) |
| 17:29 | Research | Castle Age |
| 17:34 | Build | Outpost |
| 17:43 | Research | Double-Bit Axe |
| 17:58 | Build | Mining Camp |
| 18:07 | Research | Horse Collar |
| 18:10 | Research | Stone Mining |
| 18:41 | Research | Gold Mining |
| 19:04 | Create | Trade Cart |
| 19:17 | Create | Villager (Male) |
| 19:17 | Create | Villager (Male) |
| 19:42 | Build | Outpost |
| 20:09 | Age | Castle Age |
| 20:12 | Build | Outpost |
| 20:19 | Research | Hand Cart |
| 20:47 | Create | Villager (Male) |
| 20:48 | Create | Villager (Male) |
| 20:48 | Create | Villager (Male) |
| 20:52 | Research | Bow Saw |
| 20:59 | Build | Outpost |
| 21:11 | Research | Man-at-Arms (upgrade) |
| 21:11 | Research | Gambesons |
| 21:27 | Research | Scale Mail Armor |
| 21:33 | Research | Squires |
| 21:34 | Create | Militia |
| 22:08 | Build | Outpost |
| 22:20 | Create | Villager (Male) |
| 22:22 | Create | Villager (Male) |
| 22:23 | Create | Villager (Male) |
| 22:23 | Create | Villager (Male) |
| 22:28 | Build | Farm |
| 22:52 | Build | Stone Wall |
| 22:53 | Build | Gate |
| 23:11 | Build | Watch Tower |
| 23:18 | Research | Long Swordsman (upgrade) |
| 23:19 | Create | Militia |
| 23:54 | Build | Stone Wall |
| 23:55 | Build | Gate |
| 24:05 | Build | Mining Camp |
| 24:19 | Create | Villager (Male) |
| 24:20 | Create | Villager (Male) |
| 24:20 | Create | Villager (Male) |
| 24:23 | Build | Farm |
| 24:42 | Build | Outpost |
| 25:07 | Build | Siege Workshop |
| 25:23 | Create | Militia |
| 25:47 | Create | Villager (Male) |
| 25:48 | Create | Villager (Male) |
| 25:48 | Create | Villager (Male) |
| 25:49 | Create | Villager (Male) |
| 25:53 | Build | Lumber Camp |
| 26:01 | Build | Farm |
| 26:45 | Build | Outpost |
| 26:54 | Create | Armored Elephant |
| 27:04 | Create | Villager (Male) |
| 27:05 | Create | Villager (Male) |
| 27:05 | Create | Villager (Male) |
| 27:05 | Create | Villager (Male) |
| 27:05 | Create | Villager (Male) |
| 27:06 | Create | Villager (Male) |
| 27:06 | Create | Villager (Male) |
| 27:06 | Create | Villager (Male) |
| 27:37 | Build | Archery Range |
| 27:48 | Build | Outpost |
| 28:20 | Create | Scorpion |
| 28:29 | Build | Monastery |
| 28:35 | Create | Militia |
| 28:37 | Create | Militia |
| 28:38 | Create | Militia |
| 28:39 | Create | Militia |
| 28:43 | Research | Chain Mail Armor |
| 28:43 | Research | Forging |
| 28:45 | Research | Padded Archer Armor |
| 28:51 | Build | Archery Range |
| 28:58 | Create | Skirmisher |
| 28:58 | Create | Skirmisher |
Match timeline
| 2:01 | RJP · wall_segment Palisade Wall x4 |
| 2:07 | RJP · wall_segment Palisade Wall x1 |
| 9:08 | RJP · wall_segment Palisade Wall x4 |
| 9:47 | CC · first_building Barracks |
| 10:44 | RJP · first_building Barracks |
| 11:09 | RJP · age_up feudal |
| 11:52 | RJP · wall_segment Palisade Wall x4 |
| 12:10 | DingleDwarf69 · age_up feudal |
| 12:28 | CC · age_up feudal |
| 12:45 | Balaam · age_up feudal |
| 12:52 | DingleDwarf69 · first_building Barracks |
| 12:52 | RJP · wall_segment Palisade Wall x4 |
| 13:18 | Balaam · first_building Barracks |
| 13:50 | DingleDwarf69 · first_building Archery Range |
| 15:28 | RJP · wall_segment Palisade Wall x3 |
| 15:37 | RJP · first_building Archery Range |
| 16:58 | CC · first_building Archery Range |
| 17:47 | CC · first_market_buy 100 food |
| 19:55 | Balaam · first_building Archery Range |
| 20:09 | RJP · age_up castle |
| 21:24 | RJP · first_market_buy 100 food |
| 22:52 | RJP · wall_segment Stone Wall x5 |
| 23:40 | CC · first_market_sell 100 wood |
| 23:54 | RJP · wall_segment Stone Wall x4 |
| 25:07 | RJP · first_building Siege Workshop |
| 26:21 | DingleDwarf69 · age_up castle |
| 26:34 | DingleDwarf69 · first_building Castle |
| 27:16 | CC · age_up castle |
| 28:29 | RJP · first_building Monastery |
| 28:38 | CC · first_building Monastery |
| 30:28 | Balaam · age_up castle |
| 32:26 | Balaam · first_market_sell 100 stone |
| 32:38 | Balaam · first_market_buy 100 stone |
| 32:51 | Balaam · first_building Castle |
| 32:52 | CC · first_building Castle |
| 34:22 | DingleDwarf69 · age_up imperial |
| 35:55 | DingleDwarf69 · first_building Stable |
| 36:36 | CC · first_building Stable |
| 37:12 | CC · tribute_sent a jugador 1 |
| 37:12 | CC · tribute_sent a jugador 3 |
| 37:12 | CC · tribute_sent a jugador 4 |
| 38:59 | CC · first_building Siege Workshop |
| 39:41 | RJP · first_building Castle |
| 40:02 | CC · age_up imperial |
| 41:14 | RJP · age_up imperial |
| 41:59 | Balaam · first_building Siege Workshop |
| 43:21 | Balaam · wall_segment Stone Wall x20 |
| 48:21 | RJP · wall_segment Palisade Wall x5 |
| 48:32 | RJP · wall_segment Palisade Wall x2 |
| 48:49 | DingleDwarf69 · first_market_sell 500 wood |
| 48:53 | DingleDwarf69 · first_market_buy 100 stone |
| 49:23 | Balaam · age_up imperial |
| 50:33 | DingleDwarf69 · resign |
[ AI ANALYSIS · 1 CREDIT ]
What really happened in this match?
Wolo.gg analyzes every decision: build order, eco, micro, common mistakes by bracket. Personalized analysis on WhatsApp or Discord in 30 seconds.
Civ guide
Incas
Perfil
Jugador #24594447